AoeStats
← Pielover757

Coastal Forest

510506688Analyzed
4v4 RM · 19h ago on Oct 1, 2026· 25m 6s· 8 players
Game mode
Random Map
Map size
Large (8 player)
Population
200
Speed
Normal
Resources
Standard
Victory
Conquest
Starting age
Dark Age
Ending age
Imperial Age
RankedLock teamsTeams togetherTeam positionsShared explorationLock speedFull tech treeHidden civsTurbo modeCheats
Victory
Defeat
🇭🇰 Muisca · Hong Kong SAR China
1903
+7
🇨🇳 Tatars · China
1834
+9
🇨🇿 Ethiopians · Czechia
1765
+12
🇨🇳 Burmese · China
1705
+13
🇺🇦 Sicilians · Ukraine
1736
-13
🇷🇺 Gurjaras · Russia
1675
-10
🇿🇦 Bengalis · South Africa
1657
-10
🇨🇳 Goths · China
1610
-8
< blank >
6:37 Loom
9:27 Feudal Age
9:49 Fishing Lines
10:07 Double-Bit Axe
13:59 Forging
16:21 Gold Mining
18:38 Castle Age
16:21 Horse Collar
16:53 Scale Barding Armor
18:20 Bloodlines
19:21 Husbandry
19:42 Chain Barding Armor
19:33 Bow Saw
20:05 Wheelbarrow
21:30 Iron Casting
21:25 Gillnets
24:28 Gold Shaft Mining
Franczesco
6:13 Loom
6:36 Loom
9:20 Feudal Age
10:01 Town Watch
10:37 Fletching
25:30 Castle Age
23:44 Double-Bit Axe
T
9:45 Feudal Age
9:38 Loom
10:13 Double-Bit Axe
12:13 Fishing Lines
12:22 Fishing Lines
15:30 Gold Mining
17:44 Castle Age
16:12 Fletching
17:13 Stone Mining
18:07 Town Watch
18:19 Bodkin Arrow
18:36 Medium Warships
18:42 Bow Saw
19:32 Gillnets
22:33 Forging
22:21 Horse Collar
23:26 Heavy Plow
24:27 Wheelbarrow
投掷哥布林
5:56 Loom
8:28 Feudal Age
9:40 Horse Collar
15:59 Scale Barding Armor
17:02 Forging
18:26 Bloodlines
24:09 Castle Age
24:10 Light Cavalry
24:53 Husbandry
25:18 Chain Barding Armor
Eli
6:54 Loom
18:00 Feudal Age
23:56 Fletching
lxnmnk Trade | B | S
6:40 Loom
8:48 Feudal Age
9:29 Double-Bit Axe
9:47 Horse Collar
16:48 Scale Barding Armor
18:07 Forging
21:31 Wheelbarrow
23:14 Castle Age
21:58 Bloodlines
23:03 Wheelbarrow
22:37 Gold Mining
24:15 Chain Barding Armor
23:19 Light Cavalry
25:41 Gold Shaft Mining
牛比无极限
7:16 Loom
9:58 Feudal Age
14:35 Castle Age
13:57 Double-Bit Axe
13:57 Horse Collar
Pielover757
9:07 Loom
11:13 Feudal Age
15:02 Castle Age
12:54 Double-Bit Axe
13:35 Fishing Lines
17:05 Forging
17:09 Medium Warships
19:18 Horse Collar
21:19 Wheelbarrow
20:50 Town Watch
23:53 Scale Barding Armor
24:23 Iron Casting
23:38 Light Cavalry
24:57 Bloodlines
24:47 Husbandry
25:23 Fletching
Connection lost

Rejoining the realm…

Still unreachable

The connection could not be restored.

Session expired

The server has moved on; the page needs a fresh start.